 Dungeon Crawl Stone Soup version 0.30.0-10-gfe55d96785 (webtiles) character file.

Game seed: 17526243802493127010

5604 qw the Cleaver (level 10, -8/66 HPs)
             Began as a Gargoyle Cinder Acolyte on May 17, 2023.
             Was a Priest of Ignis.
             Mangled by a +1 spectral giant club (17 damage)
             ... created by Erolcha
             ... on level 9 of the Dungeon.
             The game lasted 00:04:54 (8241 turns).

qw the Cleaver (Gargoyle Cinder Acolyte)            Turns: 8241, Time: 00:04:54

Health: -8/66      AC: 23    Str: 22    XL:     10   Next: 73%
Magic:  11/11      EV:  5    Int: 15    God:    Ignis [***...]
Gold:   761        SH: 10    Dex:  5    Spells: 11/11 levels left

rFire   + . .        Y - -1 hand axe (flame)
rCold   + + .        c - +0 kite shield
rNeg    + . .        r - +2 plate armour {Will+}
rPois   inf          l - +0 helmet "Usua" {+Inv rC++}
rElec   +            (no cloak)
rCorr   .            (no gloves)
SInv    .            (no boots)
Will    +....        i - amulet of reflection Stlth
                     g - +4 ring of slaying {mikee}
HPRegen 0.31/turn    (no ring)
MPRegen 0.12/turn

%: reflection
@: about to teleport
A: sickness immunity, AC +7, negative energy resistance 1, electricity
resistance, torment resistance 1, petrification resistance
a: Renounce Religion, Evoke Invisibility, Fiery Armour, Foxfire Swarm, Rising
Flame


You were on level 9 of the Dungeon.
You worshipped Ignis.
Ignis was most pleased with you.
You visited 1 branch of the dungeon, and saw 9 of its levels.

You collected 761 gold pieces.


Innate Abilities, Weirdness & Mutations

You are immune to sickness and miasma.
Your stone body is resilient. (AC +7)
You are immune to poison.
You resist negative energy. (rN+)
You are resistant to electric shocks. (rElec)
You are resistant to unholy torment.
You are immune to petrification.


   Skills:
 - Level 9.0 Fighting
 - Level 11.1 Axes
 - Level 1.3 Throwing
 - Level 7.0 Armour
 - Level 1.3 Dodging
 + Level 0.0 Shields
 - Level 1.0 Spellcasting
 - Level 3.0 Fire Magic


You had 11 spell levels left.
You didn't know any spells.
Your spell library contained the following spells:

 Spells                   Type           Power      Damage    Failure   Level
 Scorch                   Fire           18%        2d5       99%         2

Inventory:

Hand Weapons
 Y - a -1 hand axe of flaming (weapon)
Missiles
 o - 3 boomerangs (quivered)
Armour
 c - a +0 kite shield (worn)
 l - the +0 helmet "Usua" (worn) {+Inv rC++}
   (You took it off Robin on level 2 of the Dungeon)

   rC:        It greatly protects you from cold.
   +Inv:      It lets you turn invisible.
 r - a +2 plate armour of willpower (worn)
Jewellery
 g - a +4 ring of slaying (left hand) {mikee}
 i - an amulet of reflection (around neck)
Wands
 m - a wand of digging (7)
Scrolls
 a - 2 scrolls of identify
 f - a scroll of poison {unknown}
 v - 3 scrolls of teleportation
Potions
 b - 3 potions of heal wounds
 d - 4 potions of might
 e - a potion of mutation
 h - a potion of cancellation
 k - 2 potions of haste
 n - 4 potions of curing

Dungeon Overview and Level Annotations

Branches:
Dungeon (9/15)             Temple (0/1) D:5
   Lair: D:8-11         Orc: D:9-12

Altars:
Dithmenos
Elyvilon
Kikubaaqudgha
Okawaru
Ru
Sif Muna
Trog
Vehumet
Wu Jian
The Shining One

Annotations:
D:9 Erolcha


Message History

Found a shadowy altar of Dithmenos.
Enter note:
Enter note: Erolcha the Cunning comes into view.
She is wielding a +1 spectral giant club.
Erolcha moves out of view.
Erolcha screams, "Erolcha crush your head!"
Erolcha casts a spell.
Erolcha flickers and vanishes!
Deactivating autopickup; reactivate with Ctrl-A.
Autopickup is now on.
Lua error: [string "/dgldir/rcfiles/crawl-bot-0.30/qwlua.rc"]:3701: Cannot currently process new keys (there is pending input)
There is a strange disturbance nearby!
8234 ||| UPGRADING to +0 kite shield.
You start putting on your armour.
You continue putting on your +0 kite shield. x3
Something hits you!!
Deactivating autopickup; reactivate with Ctrl-A.
The +1 spectral giant club hits you but does no damage.
You continue putting on your +0 kite shield.
Something hits you but does no damage. The +1 spectral giant club hits you!
You finish putting on your +0 kite shield.
Autopickup is now on.
Lua error: [string "/dgldir/rcfiles/crawl-bot-0.30/qwlua.rc"]:3701: Cannot currently process new keys (there is pending input)
You hit the +1 spectral giant club.
The +1 spectral giant club is moderately damaged.
You miss something.
You hit the +1 spectral giant club but do no damage.
The +1 spectral giant club is moderately damaged.
You miss something. Something hits you!!
Deactivating autopickup; reactivate with Ctrl-A.
The +1 spectral giant club hits you but does no damage.
Autopickup is now on.
Lua error: [string "/dgldir/rcfiles/crawl-bot-0.30/qwlua.rc"]:3701: Cannot currently process new keys (there is pending input)
8241 ||| READING 4 scrolls of teleportation.
As you read the scroll of teleportation, it crumbles to dust.
You feel strangely unstable.
The +1 spectral giant club hits you but does no damage.
The +1 spectral giant club hits you!
You die...

##...## ##.....##
#.......# #.......
##.......
#.......##
.......{(#####
#.....@.....#
#...........#
##.....#....# ###
.......##....# #.#
..####.......##
#.## #
..........###..###
...##.............#
.#. ##...¤~~~~~~~.#
.. #..~....¤..~.#


You could see a +1 spectral giant club.

Vanquished Creatures
  Amaemon (D:8)
  An orange demon (D:8)
  An unseen horror (D:7)
  A wyvern (D:9)
  A steam dragon (D:8)
  3 water moccasins
  Duvessa (D:7)
  A sky beast (D:7)
  2 black bears
  An ogre (D:7)
  2 orc warriors
  4 centaurs
  A phantom (D:6)
  3 kobold brigands
  6 bullfrogs
  A necrophage (D:6)
  3 scorpions
  A water moccasin zombie (D:6)
  A gnoll sergeant (D:8)
  14 wights
  Dowan (D:7)
  A killer bee (D:8)
  2 howler monkeys (D:8)
  A bullfrog zombie (D:6)
  2 centaur zombies (D:6)
  4 hounds
  A human zombie (D:6)
  An orc priest (D:5)
  5 sleepcaps
  Jessica (D:3)
  6 iguanas
  4 mummies (D:6)
  Robin (D:2)
  14 gnolls
  10 adders
  A shadow imp (D:6)
  3 white imps (D:7)
  2 ufetubi (D:6)
  A worm (D:3)
  3 dart slugs
  21 orcs
  8 ball pythons
  7 endoplasms
  4 giant cockroaches
  22 goblins
  7 hobgoblins
  6 jackals
  16 kobolds
  3 quokkas
  6 bats
  4 frilled lizards
  5 rats
222 creatures vanquished.

Notes
Turn   | Place    | Note
-------+----------+-------------------------------------------
     0 | D:1      | qw the Gargoyle Cinder Acolyte began the quest for the Orb.
     0 | D:1      | Reached XP level 1. HP: 14/14 MP: 2/2
     0 | D:1      | 0 ||| qw: Version: 0.2-a-95-g206ef33
     0 | D:1      | 0 ||| qw: Game counter: 175
     0 | D:1      | 0 ||| qw: Always use a shield: true
     0 | D:1      | 0 ||| qw: God list: Okawaru
     0 | D:1      | 0 ||| qw: Allow faded altars: false
     0 | D:1      | 0 ||| qw: Do Orc after D:15 true
     0 | D:1      | 0 ||| qw: Do second Lair branch before Depths: true
     0 | D:1      | 0 ||| qw: Lair rune preference: random
     0 | D:1      | 0 ||| qw: Plans: Normal
     0 | D:1      | 0 ||| PLANNING D:1-11
    36 | D:1      | 36 ||| Stepping ~*~*~tactically~*~*~ (hiding).
    38 | D:1      | 38 ||| Stepping ~*~*~tactically~*~*~ (hiding).
    42 | D:1      | 42 ||| Stepping ~*~*~tactically~*~*~ (hiding).
    50 | D:1      | Reached skill level 3 in Axes
   163 | D:1      | Reached XP level 2. HP: 16/19 MP: 3/3
   716 | D:1      | 716 ||| UPGRADING to +0 leather armour.
   726 | D:1      | 726 ||| DROPPING +0 robe.
   727 | D:1      | 727 ||| UPGRADING to amulet of reflection.
   732 | D:1      | 732 ||| READING 2 scrolls labelled LISOUSCHOOFF.
   733 | D:1      | 733 ||| READING scroll labelled AFET BILAXTU.
   734 | D:1      | 734 ||| DRINKING 2 fuming silvery potions.
   767 | D:2      | Reached XP level 3. HP: 23/23 MP: 4/4
   847 | D:2      | 847 ||| Stepping ~*~*~tactically~*~*~ (stealth).
  1070 | D:2      | Reached skill level 4 in Axes
  1283 | D:2      | Identified the +0 helmet "Usua" {+Inv rC++}
  1283 | D:2      | Noticed Robin
  1291 | D:2      | 1291 ||| INVOKING Fiery Armour.
  1291 | D:2      | Killed Robin
  1292 | D:2      | Reached XP level 4. HP: 14/28 MP: 5/5
  1560 | D:2      | 1560 ||| UPGRADING to +0 helmet "Usua" {+Inv rC++}.
  1565 | D:2      | 1565 ||| READING scroll labelled HAZATOR PELASAWN.
  1566 | D:2      | 1566 ||| DRINKING 2 pink potions.
  1586 | D:3      | 1586 ||| INVOKING Fiery Armour.
  1594 | D:3      | 1594 ||| STAIRDANCE
  1635 | D:3      | 1635 ||| Stepping ~*~*~tactically~*~*~ (stealth).
  1700 | D:3      | 1700 ||| Stepping ~*~*~tactically~*~*~ (stealth).
  1706 | D:3      | Reached skill level 5 in Axes
  1706 | D:3      | Reached XP level 5. HP: 32/32 MP: 6/6
  1829 | D:3      | 1829 ||| Stepping ~*~*~tactically~*~*~ (hiding).
  1935 | D:3      | 1935 ||| UPGRADING to +0 scale mail.
  1945 | D:3      | 1945 ||| DROPPING +0 leather armour.
  1985 | D:3      | 1985 ||| Stepping ~*~*~tactically~*~*~ (stealth).
  1986 | D:3      | 1986 ||| INVOKING Fiery Armour.
  1987 | D:3      | 1987 ||| Stepping ~*~*~tactically~*~*~ (hiding).
  1989 | D:3      | 1989 ||| Stepping ~*~*~tactically~*~*~ (hiding).
  1991 | D:3      | 1991 ||| Stepping ~*~*~tactically~*~*~ (hiding).
  1992 | D:3      | 1992 ||| Stepping ~*~*~tactically~*~*~ (hiding).
  2002 | D:3      | Reached skill level 1 in Armour
  2008 | D:3      | 2008 ||| Stepping ~*~*~tactically~*~*~ (stealth).
  2014 | D:3      | 2014 ||| Stepping ~*~*~tactically~*~*~ (stealth).
  2019 | D:3      | 2019 ||| Stepping ~*~*~tactically~*~*~ (stealth).
  2036 | D:3      | 2036 ||| Stepping ~*~*~tactically~*~*~ (hiding).
  2038 | D:3      | 2038 ||| Stepping ~*~*~tactically~*~*~ (hiding).
  2048 | D:3      | 2048 ||| Stepping ~*~*~tactically~*~*~ (stealth).
  2054 | D:3      | 2054 ||| Stepping ~*~*~tactically~*~*~ (stealth).
  2060 | D:3      | 2060 ||| Stepping ~*~*~tactically~*~*~ (stealth).
  2317 | D:3      | Noticed Jessica
  2318 | D:3      | 2318 ||| Stepping ~*~*~tactically~*~*~ (hiding).
  2319 | D:3      | 2319 ||| Stepping ~*~*~tactically~*~*~ (hiding).
  2327 | D:3      | Killed Jessica
  2403 | D:3      | 2403 ||| UPGRADING to +0 chain mail.
  2413 | D:3      | 2413 ||| DROPPING +0 scale mail.
  2634 | D:3      | Reached XP level 6. HP: 38/39 MP: 7/7
  2816 | D:3      | 2816 ||| DROPPING amulet of the acrobat.
  2817 | D:3      | 2817 ||| DRINKING 2 fizzy clear potions.
  2848 | D:3      | 2848 ||| READING 2 scrolls of identify.
  2848 | D:3      | 2848 ||| IDENTIFYING metallic grey potion
  2849 | D:3      | 2849 ||| DROPPING potion of lignification.
  3102 | D:4      | 3102 ||| Stepping ~*~*~tactically~*~*~ (hiding).
  3162 | D:4      | 3162 ||| Stepping ~*~*~tactically~*~*~ (stealth).
  3190 | D:4      | 3190 ||| Stepping ~*~*~tactically~*~*~ (stealth).
  3254 | D:4      | Reached skill level 6 in Axes
  3354 | D:4      | 3354 ||| Stepping ~*~*~tactically~*~*~ (stealth).
  3388 | D:4      | Reached XP level 7. HP: 40/44 MP: 8/8
  3531 | D:4      | Reached skill level 3 in Armour
  3792 | D:4      | 3792 ||| UPGRADING to +4 ring of slaying {mikee}.
  3793 | D:4      | 3793 ||| READING 2 scrolls labelled BAIGEI MI TUNA.
  3794 | D:4      | 3794 ||| READING scroll labelled KULYATEIPSIF.
  3795 | D:4      | 3795 ||| READING scroll labelled ZUUGESH QEDAIWN.
  3796 | D:4      | 3796 ||| READING scroll labelled KEPSU XAQU.
  3797 | D:4      | 3797 ||| DROPPING scroll of immolation.
  3813 | D:5      | Entered Level 5 of the Dungeon
  3833 | D:5      | 3833 ||| Stepping ~*~*~tactically~*~*~ (stealth).
  3971 | D:5      | 3971 ||| Stepping ~*~*~tactically~*~*~ (hiding).
  3983 | D:5      | Reached skill level 7 in Axes
  3990 | D:5      | 3990 ||| INVOKING Fiery Armour.
  3991 | D:5      | 3991 ||| Stepping ~*~*~tactically~*~*~ (hiding).
  3999 | D:5      | Reached XP level 8. HP: 39/49 MP: 9/9
  4100 | D:5      | Found an iron altar of Okawaru.
  4145 | D:5      | Found a staircase to the Ecumenical Temple.
  4739 | D:5      | 4739 ||| READING scroll labelled ISTRAR YMENK.
  4772 | D:5      | 4772 ||| READING scroll labelled HOENAO UPAZIL.
  4776 | D:5      | 4776 ||| DRINKING 2 coppery potions.
  4777 | D:5      | 4777 ||| READING 3 scrolls of identify.
  4777 | D:5      | 4777 ||| IDENTIFYING purple potion
  4778 | D:5      | 4778 ||| READING 2 scrolls of identify.
  4778 | D:5      | 4778 ||| IDENTIFYING cyan potion
  4779 | D:5      | 4779 ||| DROPPING potion of degeneration.
  4780 | D:5      | 4780 ||| DROPPING potion of attraction.
  4825 | D:6      | Reached skill level 8 in Axes
  4902 | D:6      | 4902 ||| Stepping ~*~*~tactically~*~*~ (stealth).
  4905 | D:6      | 4905 ||| Stepping ~*~*~tactically~*~*~ (stealth).
  4911 | D:6      | 4911 ||| Stepping ~*~*~tactically~*~*~ (stealth).
  4997 | D:6      | Reached skill level 6 in Fighting
  5120 | D:6      | Found a white marble altar of Elyvilon.
  5214 | D:6      | Found a bloodstained altar of Trog.
  5229 | D:6      | 5229 ||| Stepping ~*~*~tactically~*~*~ (hiding).
  5246 | D:6      | 5246 ||| Stepping ~*~*~tactically~*~*~ (hiding).
  5357 | D:6      | Found a radiant altar of Vehumet.
  5599 | D:6      | Reached XP level 9. HP: 33/55 MP: 10/10
  5680 | D:6      | Reached skill level 9 in Axes
  5688 | D:6      | Found an ancient bone altar of Kikubaaqudgha.
  5821 | D:6      | 5821 ||| Stepping ~*~*~tactically~*~*~ (stealth).
  5960 | D:7      | 5960 ||| Stepping ~*~*~tactically~*~*~ (stealth).
  5999 | D:7      | Reached skill level 1 in Throwing
  6019 | D:7      | Noticed Dowan
  6020 | D:7      | 6020 ||| Stepping ~*~*~tactically~*~*~ (hiding).
  6022 | D:7      | Noticed Duvessa
  6023 | D:7      | 6023 ||| INVOKING Fiery Armour.
  6036 | D:7      | Killed Duvessa
  6038 | D:7      | Killed Dowan
  6122 | D:7      | 6122 ||| Stepping ~*~*~tactically~*~*~ (stealth).
  6172 | D:7      | 6172 ||| Stepping ~*~*~tactically~*~*~ (hiding).
  6176 | D:7      | 6176 ||| INVOKING Fiery Armour.
  6189 | D:7      | Reached skill level 10 in Axes
  6196 | D:7      | Reached skill level 1 in Dodging
  6244 | D:7      | 6244 ||| Stepping randomly (disturbance).
  6246 | D:7      | 6246 ||| Stepping randomly (disturbance).
  6264 | D:7      | Killed an unseen horror
  6415 | D:7      | 6415 ||| Stepping ~*~*~tactically~*~*~ (stealth).
  6478 | D:7      | 6478 ||| Stepping ~*~*~tactically~*~*~ (stealth).
  6479 | D:7      | 6479 ||| Stepping ~*~*~tactically~*~*~ (stealth).
  6482 | D:7      | Reached XP level 10. HP: 63/64 MP: 11/11
  6703 | D:7      | 6703 ||| Stepping ~*~*~tactically~*~*~ (hiding).
  6738 | D:7      | Found a shimmering blue altar of Sif Muna.
  6811 | D:7      | 6811 ||| Stepping ~*~*~tactically~*~*~ (stealth).
  7102 | D:7      | 7102 ||| UPGRADING to +0 plate armour of willpower.
  7112 | D:7      | 7112 ||| DROPPING +0 chain mail.
  7113 | D:7      | 7113 ||| DROPPING orb of energy.
  7114 | D:7      | 7114 ||| READING 2 scrolls of enchant armour.
  7114 | D:7      | 7114 ||| ENCHANTING +0 plate armour of willpower.
  7115 | D:7      | 7115 ||| READING scroll of enchant armour.
  7115 | D:7      | 7115 ||| ENCHANTING +1 plate armour of willpower.
  7116 | D:7      | 7116 ||| DROPPING ring of flight.
  7117 | D:7      | 7117 ||| READING scroll labelled CEM HOARGHI.
  7118 | D:7      | 7118 ||| DRINKING 5 sedimented coppery potions.
  7119 | D:7      | 7119 ||| DRINKING 2 fizzy golden potions.
  7120 | D:7      | 7120 ||| READING 3 scrolls of identify.
  7120 | D:7      | 7120 ||| IDENTIFYING brown potion
  7121 | D:7      | 7121 ||| READING 2 scrolls of identify.
  7121 | D:7      | 7121 ||| IDENTIFYING viscous puce potion
  7122 | D:7      | 7122 ||| DROPPING potion of berserk rage.
  7123 | D:7      | 7123 ||| DROPPING potion of brilliance.
  7124 | D:7      | 7124 ||| DROPPING potion of flight.
  7256 | D:8      | Found an ornate altar of the Wu Jian Council.
  7282 | D:8      | 7282 ||| Stepping ~*~*~tactically~*~*~ (stealth).
  7301 | D:8      | Reached skill level 6 in Armour
  7302 | D:8      | 7302 ||| Stepping ~*~*~tactically~*~*~ (stealth).
  7376 | D:8      | Noticed Amaemon
  7380 | D:8      | 7380 ||| INVOKING Fiery Armour.
  7384 | D:8      | Noticed an orange demon
  7390 | D:8      | Killed Amaemon
  7391 | D:8      | Reached skill level 11 in Axes
  7406 | D:8      | Killed an orange demon
  7535 | D:8      | 7535 ||| Stepping ~*~*~tactically~*~*~ (hiding).
  7952 | D:9      | 7952 ||| STAIRDANCE
  7986 | D:9      | Found a glowing golden altar of the Shining One.
  8030 | D:9      | Found a sacrificial altar of Ru.
  8039 | D:9      | Reached skill level 9 in Fighting
  8224 | D:9      | Found a shadowy altar of Dithmenos.
  8232 | D:9      | Noticed Erolcha
  8234 | D:9      | 8234 ||| UPGRADING to +0 kite shield.
  8240 | D:9      | HP: 9/66 [something (26)]
  8241 | D:9      | 8241 ||| READING 4 scrolls of teleportation.
  8241 | D:9      | Mangled by a +1 spectral giant club

Levels and vault maps discovered:
D:1:      mrwooster_arrival_statue_3, layout_rooms
D:2:      kennysheep_big_flooded_room, layout_loops_cross, uniq_robin
D:3:      minmay_chambers_of_twos, layout_basic, hex_medium,
          minmay_goblin_outpost, uniq_jessica
D:4:      layout_cave_pools, kennysheep_generic_room_8
D:5:      layout_basic, mainiacjoe_overflow_paths, minmay_temple_entry_poolview,
          serial_glass, glass_columns_a, glass_columns_b, grunt_ministairs_10
D:6:      layout_basic, mainiacjoe_overflow_chevrons, elyvilon_altar_4,
          lemuel_mausoleum_altar_kikubaaqudgha, trog_hazing_becter
D:7:      layout_loops_ring, led_sif_pool, enter_bailey_5, grunt_potential,
          uniq_duvessa
D:8:      layout_cave_pools, amcnicky_altar_gilded, serial_park,
          serial_park_tiny_1, serial_park_square3 [serial_park_minivault_5x5_1],
          serial_park_square2, serial_park_square2, uniq_amaemon
D:9:      layout_rooms, mainiacjoe_overflow_catwalk,
          mainiacjoe_overflow_brackets,
          mainiacjoe_overflow_concentric_impassable, fedhas_ov_isle_minmay,
          mainiacjoe_overflow_alcove_2, david_lair_generic, grunt_ministairs_11,
          chequers_serial_rivers_small_a, uniq_erolcha, uniq_pikel

Skill      XL: |  1  2  3  4  5  6  7  8  9 10 |
---------------+-------------------------------+-----
Axes           | 3 4 5 6 7 8 10 11 | 11.1
Armour         | 2 3 4 5 7 |  7.0
Fighting       | 4 5 6 8 9 |  9.0
Throwing       | 1 |  1.3
Dodging        | 1 |  1.3
Spellcasting   | |  1.0
Fire Magic     | |  3.0

Action                     |  1- 3 |  4- 6 |  7- 9 | 10-12 || total
---------------------------+-------+-------+-------+-------++-------
  Melee: Hand axe          |   145 |   218 |   367 |   142 ||   872
         Punch             |       |     3 |     6 |       ||     9
  Throw: Boomerang         |       |       |    21 |    24 ||    45
 Invoke: Fiery Armour      |     1 |     2 |     3 |     1 ||     7
    Use: Scroll            |     2 |     2 |     8 |     6 ||    18
         Potion            |     1 |     2 |     1 |     2 ||     6
 Armour: Robe              |    20 |       |       |       ||    20
         Leather armour    |    26 |     8 |       |       ||    34
         Chain mail        |       |    80 |   203 |    12 ||   295
         Scale mail        |       |    13 |       |       ||    13
         Plate armour      |       |       |       |    84 ||    84
  Dodge: Dodged            |    79 |    68 |   112 |    50 ||   309
  Block: Other             |    21 |    34 |    72 |    33 ||   160
         Reflection        |       |     2 |     2 |     7 ||    11

Table legend:
 A = Non-vault XP
 B = Vault XP
 C = Vault XP percentage of total XP
 D = Non-vault monster count
 E = Vault monster count
 F = Vault count percentage of total count
                 A         B        C        D         E       F
            +---------+---------+-------+---------+---------+-------
      Total |    3914 |    4092 |  51.1 |     152 |      70 |  31.5
            +---------+---------+-------+---------+---------+-------
        D:1 |      33 |       0 |   0.0 |      18 |       0 |   0.0
        D:2 |      37 |      34 |  47.9 |      15 |      10 |  40.0
        D:3 |     151 |      92 |  37.9 |      28 |      13 |  31.7
        D:4 |     309 |      85 |  21.6 |      21 |       2 |   8.7
        D:5 |     427 |     190 |  30.8 |      19 |       2 |   9.5
        D:6 |     813 |     581 |  41.7 |      13 |      15 |  53.6
        D:7 |    1088 |    1204 |  52.5 |      18 |      18 |  50.0
        D:8 |     539 |    1794 |  76.9 |      12 |       9 |  42.9
        D:9 |     517 |     112 |  17.8 |       8 |       1 |  11.1
            +---------+---------+-------+---------+---------+-------
